 Dungeon Crawl Stone Soup version 0.20.0-15-g7f486f2 (webtiles) character file.

210 vishdafish the Shield-Bearer (level 5, -16/49 HPs)
             Began as a Gargoyle Fighter on June 24, 2017.
             Demolished by an ogre
             ... wielding a cursed -2 giant club
              (19 damage)
             ... on level 4 of the Dungeon.
             The game lasted 00:03:06 (2398 turns).

vishdafish the Shield-Bearer (Gargoyle Fighter)     Turns: 2398, Time: 00:03:07

Health: -16/49     AC: 22    Str: 21    XL:     5   Next: 88%
Magic:  5/5        EV:  2    Int:  8    God:
Gold:   138        SH:  9    Dex:  9    Spells: 4/4 levels left

rFire    . . .     SeeInvis .   a - +0 flail
rCold    . . .     Gourm    .   c - +0 shield
rNeg     + + +     Faith    .   (armour currently unavailable)
rPois    ∞         Spirit   .   (helmet currently unavailable)
rElec    .         Reflect  .   (cloak currently unavailable)
rCorr    .         Harm     .   (gloves currently unavailable)
MR       .....     NoTele   +   (boots currently unavailable)
Stlth    +.........             k - amulet of regeneration
Regen    0.6/turn               (no ring)
MPRegen  0.1/turn               (no ring)

@: tree-form
A: negative energy resistance 1, petrification resistance, rot immunity, AC +4
a: no special abilities


You were on level 4 of the Dungeon.
You were not hungry.
You were a tree.
You visited 1 branch of the dungeon, and saw 4 of its levels.

You collected 138 gold pieces.

Inventory:

Hand Weapons
 a - a +0 flail (weapon)
Armour
 b - a +0 scale mail (melded)
 c - a +0 shield (worn)
 q - a +1 cloak (melded)
 z - a scarf of resistance
Jewellery
 k - an amulet of regeneration (around neck)
Scrolls
 h - 2 scrolls of immolation {unknown}
 j - 2 scrolls of amnesia {unknown}
 o - a scroll of teleportation {unknown}
 s - a scroll of magic mapping {unknown}
 t - a scroll of identify {unknown}
 u - a scroll of blinking {unknown}
 v - a scroll of enchant weapon {unknown}
 w - a scroll of enchant armour {unknown}
 y - a scroll of recharging {unknown}
Potions
 d - a potion of might
 e - 3 potions of flight
 g - 2 potions of curing {unknown}
 l - a potion of resistance {unknown}
 m - a potion of agility {unknown}
 n - a potion of mutation {unknown}
 p - a potion of brilliance {unknown}
 r - a potion of lignification
 x - 2 potions of heal wounds {unknown}
Comestibles
 f - 3 bread rations
 i - a royal jelly


   Skills:
 + Level 3.7 Fighting
 + Level 3.8 Maces & Flails
 + Level 4.2 Armour
 + Level 1.0 Dodging
 + Level 4.5 Shields


You had 4 spell levels left.
You didn't know any spells.

Dungeon Overview and Level Annotations

Branches:
Dungeon (4/15)
 Temple: D:4-7

Altars:


Innate Abilities, Weirdness & Mutations

You are resistant to torment.
((Your stone body is resilient. (AC +4)))
You are immune to poison.
You resist negative energy. (rN+)
((You are resistant to electric shocks. (rElec)))
((You can survive without breathing.))
You are immune to petrification.
You are immune to rotting.


Message History

You are too injured to fight recklessly!
You are too injured to fight recklessly!
You are too injured to fight recklessly!
You are too injured to fight recklessly!
You are too injured to fight recklessly!
You are too injured to fight recklessly!
It was a potion of flight.
You feel very buoyant.
You fly up into the air.
You block the giant cockroach's attack.
You hit the ogre but do no damage.
The ogre is heavily wounded.
The ogre hits you with a giant club!
* * * LOW HITPOINT WARNING * * *
The giant cockroach bites you but does no damage.
It was a potion of lignification.
You turn into a tree.
Your +1 cloak melds into your body.
Your +0 scale mail melds into your body.
Your roots penetrate the ground.
You block the giant cockroach's attack. The ogre hits you with a giant club!!
You die...

####
##..##
#O♣.(#
#..s..#
##....#
#....#
.....#
.##..##
. ####
.


You could see an ogre and a giant cockroach.

Vanquished Creatures
  An orc wizard (D:3)
  Terence (D:3)
  7 adders
  An ooze (D:2)
  2 dart slugs (D:2)
  2 worms
  2 leopard geckos
  3 orcs (D:3)
  A ball python (D:3)
  8 bats
  2 giant cockroaches (D:1)
  5 goblins
  9 hobgoblins
  8 jackals (D:1)
  11 kobolds
  3 quokkas
  2 frilled lizards
  3 rats
71 creatures vanquished.

Notes
Turn   | Place    | Note
-------+----------+-------------------------------------------
     0 | D:1      | vishdafish the Gargoyle Fighter began the quest for the Orb.
     0 | D:1      | Reached XP level 1. HP: 14/14 MP: 1/1
   102 | D:1      | Reached XP level 2. HP: 12/19 MP: 2/2
   304 | D:1      | Reached XP level 3. HP: 13/23 MP: 3/3
  1004 | D:2      | Reached XP level 4. HP: 20/28 MP: 4/4
  1619 | D:3      | Reached skill level 1 in Dodging
  1665 | D:3      | Reached XP level 5. HP: 32/32 MP: 5/5
  1838 | D:3      | Noticed Terence
  1851 | D:3      | Killed Terence
  2391 | D:4      | Noticed an ogre
  2398 | D:4      | Demolished by an ogre

Skill      XL: |  1  2  3  4 |
---------------+-------------+-----
Armour         | 4 |  4.2
Maces & Flails | 3 |  3.8
Dodging        | 1 |  1.0
Shields        | 4 |  4.5
Fighting       | |  3.7

Action                   |  1- 3 |  4- 6 || total
-------------------------+-------+-------++-------
Melee: Flail             |   185 |   174 ||   359
  Use: Potion            |       |     2 ||     2
  Eat: Bread ration      |     1 |     1 ||     2
Armor: Scale mail        |   129 |    70 ||   199
Dodge: Dodged            |    60 |    60 ||   120
Block: Shield            |   127 |   108 ||   235
